 Dungeon Crawl Stone Soup version 0.27-a0-1332-g84bddb5ca7 (webtiles) character file.

Game seed: 4516965199403057551

27 Brandom the Sneak (level 2, -2/24 HPs)
             Began as a Demonspawn Delver on June 25, 2021.
             Killed from afar by Blork the orc (4 damage)
             ... with a magic dart
             ... on level 4 of the Dungeon.
             The game lasted 00:01:25 (331 turns).

Brandom the Sneak (Demonspawn Delver)                Turns: 331, Time: 00:01:25

Health: -2/24      AC:  3    Str: 12    XL:     2   Next: 93%
Magic:  2/2        EV: 12    Int: 11    God:
Gold:   0          SH:  0    Dex: 14    Spells: 1/1 levels left

rFire    . . .     SeeInvis .   a - +0 falchion
rCold    . . .     Faith    .   (no shield)
rNeg     . . .     Spirit   .   b - +0 leather armour
rPois    .         Reflect  .   (no helmet)
rElec    .         Harm     .   (no cloak)
rCorr    .         Rampage  .   (no gloves)
Will     .....                  (no boots)
Stlth    ++........             (no amulet)
HPRegen  0.08/turn              (no ring)
MPRegen  0.08/turn              (no ring)

@: no status effects
A: talons 1
a: no special abilities


You were on level 4 of the Dungeon.
You visited 1 branch of the dungeon, and saw 2 of its levels.

Inventory:

Hand Weapons
 a - a +0 falchion (weapon)
Armour
 b - a +0 leather armour (worn)
Wands
 v - a wand of digging (3)
Scrolls
 c - a scroll of fog
 d - a scroll of magic mapping
 e - a scroll of fear
Potions
 f - a potion of haste {@q3}


   Skills:
 * Level 3.4 Fighting
 * Level 2.3 Long Blades
 + Level 0.6 Armour
 + Level 2.1 Dodging
 - Level 4.5 Stealth


You had one spell level left.
You didn't know any spells.
Your spell library was empty.

Dungeon Overview and Level Annotations

Branches:
Dungeon (5/15)
 Temple: D:4-7

Altars:

Annotations:
D:4 Blork the orc, Sigmund


Innate Abilities, Weirdness & Mutations

You have sharp toenails.


Message History

There is a stone staircase leading up here.
The adder closely misses you.
You climb upwards.
You hear the hiss of flowing sand.
There is an entrance to an ossuary on this level.
Hurry and find it before the portal is buried!
Blork the orc shouts!
The orc shouts! x2
A giant cockroach, an orc and Sigmund come into view.
You hear a shout! x2
Found 15 stones, 18 arrows and 10 gold pieces.
There is a stone staircase leading down here.
Sigmund shouts!
You hear a bark!
A hornet zombie comes into view.
The adder bites you.
Found a short sword.
The orc shouts!
An endoplasm comes into view.
Blork the orc looks braver for a moment.
Found a green potion.
The adder barely misses you.
You riposte.
The endoplasm quivers.
You hit the adder.
Found 12 gold pieces.
Found a stone staircase leading down.
The adder bites you.
Blork the orc frowns.
Found a stone staircase leading up.
Blork the orc gestures wildly while chanting.
Blork the orc seems to speed up.
The adder bites you.
A quokka comes into view.
The adder bites you.
* * * LOW HITPOINT WARNING * * *
The adder bites you.
* * * LOW HITPOINT WARNING * * *
You are poisoned.
The adder poisons you!
You feel sick.
Sigmund is suddenly surrounded by pale green light.
You feel sick.
Sigmund points at you and mumbles some strange words.
The magic dart hits you.
* * * LOW HITPOINT WARNING * * *
The adder bites you but does no damage.
* * * LOW HITPOINT WARNING * * *
You feel sick.
* * * LOW HITPOINT WARNING * * *
You feel sick.
You are no longer poisoned.
Blork the orc points at you and mumbles some strange words.
The magic dart hits you.
You die...

.....#.##.#..@..###
.......#......###
..#......o.>#
.#..#.....o#####
#......Z.#o.<...#
.........BJo....#
...######.S.....#
.. #$......# r
##..@...# #.....##
#.....# #.....#
#.....# #####.# ..
#..


You could see Blork the orc (fast), an adder, 3 orcs, a hornet zombie, an
endoplasm and a giant cockroach.

Vanquished Creatures
  An iguana (D:5)
  An orc (D:5)
2 creatures vanquished.

Notes
Turn   | Place    | Note
-------+----------+-------------------------------------------
     0 | D:5      | Brandom the Demonspawn Delver began the quest for the Orb.
     0 | D:5      | Reached XP level 1. HP: 18/18 MP: 1/1
    37 | D:5      | Noticed an iguana
    43 | D:5      | Killed an iguana
    44 | D:5      | Gained mutation: You have sharp toenails. [demonic
                  | ancestry]
    44 | D:5      | Reached XP level 2. HP: 12/24 MP: 2/2
   246 | D:5      | Noticed a wyvern
   311 | D:4      | Noticed Blork the orc
   311 | D:4      | Noticed Sigmund
   330 | D:4      | HP: 1/24 [poisoned by an adder]
   331 | D:4      | Killed from afar by Blork the orc

Illustrated notes

Levels and vault maps discovered:
D:4:      layout_rooms, grunt_temple_overflow_opulence, lemuel_crystal_altar,
          old_standard_altar, temple_green, enter_ossuary_1, uniq_sigmund,
          uniq_blork_the_orc
D:5:      minmay_inner_zag, layout_loops_ring,
          nicolae_overflow_quartered_altars, grunt_ministairs_13,
          grunt_decor_arrowhead, uniq_ijyb

Skill      XL: |  1 |
---------------+----+-----
Long Blades    | 2 |  2.3
Dodging        | 2 |  2.1
Fighting       | |  3.4
Armour         | |  0.6
Stealth        | |  4.5

Action                   || total
-------------------------++-------
Melee: Falchion          ||     8
 Stab: Sleeping          ||     1
Armor: Leather armour    ||     3
Dodge: Dodged            ||     7
       Rpst.: Falchion   ||     4

Table legend: (Time is in decaauts)
 A = Elapsed time spent in this place.
 B = Non-inter-level travel time spent in this place.
 C = Inter-level travel time spent in this place.
 D = Time resting spent in this place.
 E = Time spent auto-exploring this place.
 F = Levels seen in this place.
 G = Mean time per level.
                   A        B        C        D        E       F      G
               +--------+--------+--------+--------+--------+-----+--------+
         Total |    332 |    332 |      0 |    189 |     40 |   2 |  166.0 |
       Dungeon |    332 |    332 |      0 |    189 |     40 |   2 |  166.0 |
               +--------+--------+--------+--------+--------+-----+--------+

Top non-repeatable levels by time:
     D:5: 312 daAuts
     D:4: 19 daAuts
